 Dungeon Crawl Stone Soup version 0.29-a0-322-g68df515428 (webtiles) character file.

Game seed: 9047414023098565112

19 ImHallYall the Skirmisher (level 2, 0/28 HPs)
             Began as a Naga Fighter on Apr 6, 2022.
             Was a Believer of Lugonu.
             Succumbed to an adder's poison
             ... on level 2 of the Dungeon.
             The game lasted 00:04:06 (1693 turns).

ImHallYall the Skirmisher (Naga Fighter)            Turns: 1693, Time: 00:04:06

Health: 0/28       AC:  5    Str: 18    XL:     2   Next: 75%
Magic:  2/2        EV:  4    Int:  8    God:    Lugonu [**....]
Gold:   38         SH:  4    Dex: 10    Spells: 1/1 levels left

rFire   . . .      SeeInvis +   a - +0 long sword
rCold   . . .      Faith    .   c - +0 buckler
rNeg    . . .      Spirit   .   l - +0 chain mail
rPois   +          Reflect  .   (no helmet)
rElec   .          Harm     .   (no cloak)
rCorr   .          Rampage  .   (no gloves)
Will    .....                   (no barding)
Stlth   ..........              (no amulet)
HPRegen 0.09/turn               (no ring)
MPRegen 0.08/turn               (no ring)

@: lethally poisoned (0 -> -4), very slow
A: AC +0, large, see invisible, deformed body, poison resistance, slowness 2,
spit poison 1, naga tail 1
a: Spit Poison, Renounce Religion, Depart the Abyss, Bend Space


You were on level 2 of the Dungeon.
You worshipped Lugonu.
Lugonu was pleased with you.
You visited 1 branch of the dungeon, and saw 2 of its levels.

You collected 38 gold pieces.

Inventory:

Hand Weapons
 a - a +0 long sword (weapon)
Armour
 b - a +0 scale mail
 c - a +0 buckler (worn)
 l - a +0 chain mail (worn)
Jewellery
 j - an amulet of guardian spirit
Scrolls
 f - a scroll of magic mapping {unknown}
 i - 2 scrolls of noise {unknown}
Potions
 d - a potion of might
 e - a potion of flight {unknown}
 g - a potion of brilliance {unknown}
 h - 2 potions of lignification {unknown}
 k - a potion of attraction {unknown}


   Skills:
 + Level 3.1 Fighting
 + Level 2.2 Long Blades
 + Level 2.9 Armour
 + Level 2.5 Shields


You had one spell level left.
You didn't know any spells.
Your spell library was empty.

Dungeon Overview and Level Annotations

Branches:
Dungeon (2/15)

Altars:
Lugonu


Innate Abilities, Weirdness & Mutations

Your serpentine skin is tough. (AC +0)
You have supernaturally acute eyesight. (SInv)
Armour fits poorly on your strangely shaped body.
Your system is resistant to poisons. (rPois)
You cover ground very slowly.
You can spit poison.
You have a snake-like lower body.


Message History

The jackal bites you.
A jackal comes into view.
The adder bites you.
You barely miss the adder.
The adder is lightly wounded.
The jackal barks!
The adder bites you.
The jackal bites you but does no damage.
The adder bites you but does no damage. The jackal bites you.
* * * LOW HITPOINT WARNING * * *
The adder bites you but does no damage. You block the jackal's attack.
The adder bites you but does no damage.
The jackal bites you but does no damage.
The adder bites you but does no damage. x2
The adder bites you.
* * * LOW HITPOINT WARNING * * *
The adder bites you but does no damage. x2
The adder attacks as you move away! The adder completely misses you.
The adder attacks as you move away! The adder bites you.
* * * LOW HITPOINT WARNING * * *
The giant cockroach waves its antennae.
The adder bites you but does no damage. The adder attacks as you move away!
The adder bites you but does no damage. The adder bites you.
* * * LOW HITPOINT WARNING * * *
You are poisoned.
The adder poisons you! The adder bites you but does no damage.
The adder attacks as you move away! The adder bites you but does no damage.
* * * LOW HITPOINT WARNING * * *
You feel sick. The adder bites you but does no damage.
The adder barely misses you. The adder attacks as you move away!
The adder bites you but does no damage. The adder attacks as you move away!
The adder bites you.
* * * LOW HITPOINT WARNING * * *
You are lethally poisoned!
The adder poisons you!
* * * LOW HITPOINT WARNING * * *
You feel sick. The adder barely misses you. The adder attacks as you move away!
The adder bites you but does no damage.
You die...

### .. .. ##.##
#...# #...# #..
#...# #..
#@####.#
##..####.....#
.......SS###.#.
#.....hhh.....#
....[..h.######
###.###SB# #.#
#..# #.###..#
#.#h##..##


You could see 2 adders, 4 jackals, a giant cockroach and a ball python.

Vanquished Creatures
  A dart slug (D:1)
  3 bats (D:1)
  2 endoplasms (D:1)
  2 goblins
  2 hobgoblins
  2 kobolds (D:1)
  A quokka (D:1)
  2 frilled lizards (D:1)
  A rat (D:1)
16 creatures vanquished.

Notes
Turn   | Place    | Note
-------+----------+-------------------------------------------
     0 | D:1      | ImHallYall the Naga Fighter began the quest for the Orb.
     0 | D:1      | Reached XP level 1. HP: 21/21 MP: 1/1
    12 | D:1      | Found a faded altar of an unknown god.
    68 | D:1      | Prayed at the altar of an unknown god.
    68 | D:1      | Became a worshipper of Lugonu the Unformed
    68 | D:1      | Reached * piety under Lugonu
    68 | D:1      | Reached ** piety under Lugonu
   413 | D:1      | Reached XP level 2. HP: 21/28 MP: 2/2
  1692 | D:2      | HP: 1/28 [poisoned by an adder]
  1693 | D:2      | Succumbed to an adder's poison

Illustrated notes

Levels and vault maps discovered:
D:1:      heliophobic_arrival_enchanted_forest, layout_basic,
          ebering_ecumenical_altar_rust
D:2:      layout_loops_ring, basic_altar, minmay_cupped

Action                   || total
-------------------------++-------
Melee: Long sword        ||    77
Invok: Bend Space        ||     2
  Use: Scroll            ||     1
Armor: Scale mail        ||    44
       Chain mail        ||    40
Dodge: Dodged            ||    46
Block: Buckler           ||    24

Table legend: (Time is in decaauts)
 A = Elapsed time spent in this place.
 B = Non-inter-level travel time spent in this place.
 C = Inter-level travel time spent in this place.
 D = Time resting spent in this place.
 E = Time spent auto-exploring this place.
 F = Levels seen in this place.
 G = Mean time per level.
                   A        B        C        D        E       F      G
               +--------+--------+--------+--------+--------+-----+--------+
         Total |   2021 |   2021 |      0 |    680 |    773 |   2 | 1010.5 |
       Dungeon |   2021 |   2021 |      0 |    680 |    773 |   2 | 1010.5 |
               +--------+--------+--------+--------+--------+-----+--------+

Top non-repeatable levels by time:
     D:1: 1991 daAuts
     D:2: 30 daAuts
